 Dungeon Crawl Stone Soup version 0.29.1-15-g9cfb28693d (webtiles) character file.

Game seed: 15438108691329735011

46 croobank the Sneak (level 3, 0/21 HPs)
             Began as an Octopode Fire Elementalist on Apr 14, 2023.
             Slain by an iguana (10 damage)
             ... on level 2 of the Dungeon.
             The game lasted 00:03:36 (1601 turns).

croobank the Sneak (Octopode Fire Elementalist)     Turns: 1601, Time: 00:03:37

Health: 0/21       AC:  1    Str:  7    XL:     3   Next: 68%
Magic:  1/6        EV: 13    Int: 19    God:
Gold:   74         SH:  0    Dex: 12    Spells: 3/6 levels left

rFire   . . .      SeeInvis .   l - +0 dagger
rCold   . . .      Faith    .   (no shield)
rNeg    . . .      Spirit   .   (helmet restricted)
rPois   .          Reflect  .   (no amulet)
rElec   .          Harm     .   (no ring)
rCorr   .          Rampage  .   (no ring)
Will    .....                   (no ring)
Stlth   +++.......              (no ring)
HPRegen 0.07/turn               (no ring)
MPRegen 0.10/turn               (no ring)
                                (no ring)
                                (no ring)

@: no status effects
A: almost no armour, amphibious, 8 rings, camouflage 1, gelatinous body 1,
(nimble swimmer 1), tentacles
a: no special abilities


You were on level 2 of the Dungeon.
You visited 1 branch of the dungeon, and saw 2 of its levels.

You collected 74 gold pieces.

Inventory:

Hand Weapons
 b - a +0 sling
 g - a +0 hand axe
 l - a +0 dagger (weapon)
Armour
 j - a +0 buckler
Jewellery
 h - an amulet of guardian spirit
Scrolls
 c - a scroll of poison {unknown}
 f - a scroll of vulnerability {unknown}
 k - a scroll of brand weapon {unknown}
Potions
 a - a potion of magic
 d - 2 potions of flight {unknown}
 e - a potion of resistance {unknown}
 i - a potion of curing {unknown}


   Skills:
 * Level 0.2 Fighting
 + Level 2.4 Dodging
 + Level 3.4 Stealth
 * Level 0.4 Shields
 + Level 2.3 Spellcasting
 + Level 1.6 Conjurations
 + Level 3.3 Fire Magic


You had 3 spell levels left.
You knew the following spells:

 Your Spells              Type           Power      Damage    Failure   Level
a - Foxfire               Conj/Fire      44%        2x1d6     6%          1
b - Scorch                Fire           28%        2d6       6%          2

Your spell library contained the following spells:

 Spells                   Type           Power      Damage    Failure   Level
 Slow                     Hex            8%         N/A       16%         1
 Conjure Flame            Conj/Fire      11%        6-21      19%         3
 Inner Flame              Hex/Fire       8%         N/A       26%         3
 Confusing Touch          Hex            2%         N/A       43%         3
 Vampiric Draining        Necr           2%         2d6       43%         3
 Flame Wave               Conj/Fire      11%        2d6       52%         4


Dungeon Overview and Level Annotations

Branches:
Dungeon (2/15)

Altars:


Innate Abilities, Weirdness & Mutations

You cannot wear most types of armour.
You are amphibious.
You can wear up to eight rings at the same time.
Your skin changes colour to match your surroundings (Stealth+).
Your rubbery body absorbs attacks. (AC +1, EV +1)
((You are camouflaged when in or above water. (Stealth+)))
You have tentacles for arms and can constrict up to eight enemies at once.


Message History

Your magical contamination has completely faded away.
Casting: Foxfire (safe; 6% risk of failure)
Confirm with . or Enter, or press ? or * to list all spells.
You conjure some foxfire!
You start resting.
Your foxfire dissipates!
You see here a +0 sling.
l - a +0 sling Adjust to which letter? (? for menu, Esc to quit)
b - a +0 sling;
l - a +0 dagger (weapon)
An iguana comes into view.
Casting: Foxfire (safe; 6% risk of failure)
Confirm with . or Enter, or press ? or * to list all spells.
You conjure some foxfire!
The iguana hisses angrily.
Casting: Foxfire (safe; 6% risk of failure)
Confirm with . or Enter, or press ? or * to list all spells.
You conjure some foxfire!
The foxfire hits the iguana.
The iguana is lightly wounded.
The foxfire hits the iguana.
The iguana is moderately wounded.
Casting: Foxfire (safe; 6% risk of failure)
Confirm with . or Enter, or press ? or * to list all spells.
You don't have enough magic to cast this spell.
The foxfire hits the iguana.
The iguana is heavily wounded.
The foxfire hits the iguana but does no damage.
The iguana is heavily wounded.
The iguana bites you.
Casting: Foxfire (safe; 6% risk of failure)
Confirm with . or Enter, or press ? or * to list all spells.
Flames lash the iguana but do no damage.
The iguana bites you!
Casting: Scorch (safe; 6% risk of failure)
Confirm with . or Enter, or press ? or * to list all spells.
You don't have enough magic to cast this spell.
You hit the iguana but do no damage. Your grab misses the iguana.
The iguana is moderately wounded.
The iguana bites you!
You die...

####### #.....#
#..l..# ##### ####
#..@..#####... ....
#.....#...#.### ###
#.....).......####..
####......#.........
###...####l....##
#####.........####
#......###.#..#
#......)...##.####
#.......#####.....


You could see an iguana.

Vanquished Creatures
  An adder (D:2)
  A worm (D:2)
  2 dart slugs (D:1)
  3 endoplasms (D:1)
  A giant cockroach (D:1)
  4 goblins (D:1)
  4 hobgoblins (D:1)
  A quokka (D:1)
  2 ball pythons
  3 bats
  3 frilled lizards
  6 rats
31 creatures vanquished.

Vanquished Creatures (collateral kills)
  A foxfire (D:1)
1 creature vanquished.

Vanquished Creatures (others)
  66 foxfires
66 creatures vanquished.

Grand Total: 98 creatures vanquished

Notes
Turn   | Place    | Note
-------+----------+-------------------------------------------
     0 | D:1      | croobank the Octopode Fire Elementalist began the quest for
                  | the Orb.
     0 | D:1      | Reached XP level 1. HP: 11/11 MP: 3/3
   274 | D:1      | Reached XP level 2. HP: 17/17 MP: 3/5
   277 | D:1      | Learned a level 2 spell: Scorch
   794 | D:1      | Reached XP level 3. HP: 21/21 MP: 1/6
  1601 | D:2      | Slain by an iguana

Illustrated notes

Levels and vault maps discovered:
D:1:      sevenhm_arrival_forest_fort_small_3, layout_loops_ring
D:2:      layout_rooms, shapermc_ecumenical_altar_petra,
          chequers_serial_rivers_small_a, wander_ebering_terrifying_dragon_lair,
          uniq_jessica

Skill      XL: |  1  2 |
---------------+-------+-----
Stealth        | 3 |  3.4
Fighting       | |  0.2
Dodging        | |  2.4
Shields        | |  0.4
Spellcasting   | |  2.3
Conjurations   | |  1.6
Fire Magic     | |  3.3

Action                   || total
-------------------------++-------
Melee: Dagger            ||    11
       Constrict         ||     2
       Tentacles         ||     2
       Unarmed           ||     1
 Cast: Foxfire           ||    37
       Scorch            ||    14
Armor: Skin              ||     1
Dodge: Dodged            ||     7
